 Dungeon Crawl Stone Soup version 0.25.1-2-g60ff931 (webtiles) character file.

Game seed: 4327436800594952771

290 VictoriousLee the Stinger (level 6, -8/36 HPs)
             Began as an Octopode Venom Mage on Aug 9, 2020.
             Killed from afar by Blork the orc (9 damage)
             ... with a puff of frost
             ... on level 4 of the Dungeon.
             The game lasted 00:10:34 (3523 turns).

VictoriousLee the Stinger (Octopode Venom Mage)     Turns: 3523, Time: 00:10:35

Health: -8/36      AC:  1    Str:  7    XL:     6   Next: 32%
Magic:  1/11       EV: 13    Int: 19    God:
Gold:   121        SH:  0    Dex: 13    Spells: 4/12 levels left

rFire    . . .     SeeInvis .   d - +2 short sword (venom)
rCold    . . .     Gourm    .   (no shield)
rNeg     . . .     Faith    .   (helmet restricted)
rPois    .         Spirit   .   (no amulet)
rElec    .         Reflect  .   (no ring)
rCorr    .         Harm     .   (no ring)
MR       .....                  (no ring)
Stlth    +++.......             (no ring)
HPRegen  0.12/turn              (no ring)
MPRegen  0.12/turn              (no ring)
                                (no ring)
                                (no ring)

@: very slightly contaminated
A: almost no armour, stealthy swim, amphibious, 8 rings, constrict 8, camouflage
1, gelatinous body 1
a: no special abilities


You were on level 4 of the Dungeon.
You were very hungry.

You visited 1 branch of the dungeon, and saw 4 of its levels.

You collected 121 gold pieces.

Inventory:

Hand Weapons
 d - a +2 short sword of venom (weapon)
 f - a +0 dagger
 n - a +0 vampiric dagger
Missiles
 c - 87 stones
 i - 12 poisoned darts (quivered)
 l - 49 bolts
 p - 22 arrows
Jewellery
 k - an uncursed ring of protection from magic {unknown}
 o - a +4 ring of protection {unknown}
 s - an uncursed ring of magical power {unknown}
Wands
 g - a wand of iceblast (8)
Scrolls
 a - 2 scrolls of identify {unknown}
 e - 2 scrolls of blinking {unknown}
 h - 3 scrolls of remove curse {unknown}
 j - 2 scrolls of enchant weapon {unknown}
 m - 2 scrolls of fog {unknown}
 r - a scroll of magic mapping {unknown}
 u - a scroll of immolation {unknown}
Potions
 q - 2 potions of brilliance {unknown}
 t - 2 potions of cancellation {unknown}
Comestibles
 b - 8 rations


   Skills:
 - Level 2.0 Dodging
 - Level 2.6 Stealth
 + Level 3.6 Spellcasting
 + Level 1.1 Transmutations
 + Level 0.2 Fire Magic
 + Level 7.1 Poison Magic


You had 4 spell levels left.
You knew the following spells:

 Your Spells              Type           Power        Failure   Level  Hunger
a - Sting                 Tmut/Pois      ###.         2%          1    None
i - Ignite Poison         Fire/Tmut/Pois ##......     14%         3    ###....
r - Olgreb's Toxic Radia  Pois           ####....     8%          4    ####...

Your spell library contained the following spells:

 Spells                   Type           Power        Failure   Level  Hunger
 Poisonous Vapours        Pois/Air       ###...       4%          2    ##.....
 Animate Skeleton         Necr           N/A          14%         1    None
 Pain                     Necr           #...         14%         1    None
 Mephitic Cloud           Conj/Pois/Air  ##......     16%         3    ###....
 Vampiric Draining        Necr           #.........   41%         3    ###....
 Animate Dead             Necr           N/A          82%         4    ####...
 Agony                    Necr           #.......     99%         5    ######.


Dungeon Overview and Level Annotations

Branches:
Dungeon (4/15)
 Temple: D:4-7

Altars:
Cheibriados
Okawaru
Sif Muna
Yredelemnul

Annotations:
D:3 exclusion: door
D:4 Blork the orc


Innate Abilities, Weirdness & Mutations

You cannot wear most types of armour.
You are very stealthy in the water. (Stealth+)
You are amphibious.
You can wear up to eight rings at the same time.
You can use your tentacles to constrict eight enemies at once.
Your skin changes colour to match your surroundings (Stealth+).
Your rubbery body absorbs attacks. (AC +1, EV +1)


Message History

Blork the orc gestures at you while chanting.
The magic dart hits you!
You hit Blork the orc.
Blork the orc looks as sick as possible!
Your grab misses Blork the orc.
You squeeze Blork the orc, but do no damage.
Blork the orc is heavily wounded.
Blork the orc barely misses you.
You barely miss Blork the orc. You grab Blork the orc.
Blork the orc is severely wounded.
You constrict Blork the orc, but do no damage.
Blork the orc hits you with a +0 glaive!
* * * LOW HITPOINT WARNING * * *
You hit Blork the orc.
Blork the orc looks as sick as possible!
Blork the orc is severely wounded.
You constrict Blork the orc. Blork the orc casts a spell at you.
The puff of frost hits you!
You die...

.....#
#####+#...>.#
####...........#
.......<.......#
.......†.......#
...............#
...............#
....###'##......
....#.@..#......
... +.o..#......
.. #....# ..o.o
#....# .....
#....# #....+
#....# ######


You could see Blork the orc (extremely poisoned).

Vanquished Creatures
  2 worker ants (D:3)
  2 orc wizards (D:3)
  3 gnolls (D:2)
  3 adders
  2 oozes
  4 worms
  3 dart slugs
  A leopard gecko (D:2)
  5 orcs (D:3)
  2 ball pythons
  4 giant cockroaches
  16 goblins
  6 hobgoblins
  8 jackals (D:1)
  3 bats (D:2)
  6 frilled lizards
  11 kobolds
  10 rats
91 creatures vanquished.

Vanquished Creatures (others)
  An orc priest (D:3)
  An orc wizard (D:3)
2 creatures vanquished.

Grand Total: 93 creatures vanquished

Notes
Turn   | Place    | Note
-------+----------+-------------------------------------------
     0 | D:1      | VictoriousLee the Octopode Venom Mage began the quest for
                  | the Orb.
     0 | D:1      | Reached XP level 1. HP: 11/11 MP: 3/3
   200 | D:1      | Reached skill level 4 in Poison Magic
   260 | D:1      | Reached XP level 2. HP: 13/17 MP: 1/5
   725 | D:1      | Reached skill level 5 in Poison Magic
   725 | D:1      | Reached XP level 3. HP: 5/21 MP: 0/6
  1383 | D:2      | Found an iron altar of Okawaru.
  1457 | D:2      | Found a basalt altar of Yredelemnul.
  1757 | D:2      | Reached XP level 4. HP: 18/27 MP: 5/7
  1764 | D:2      | Learned a level 4 spell: Olgreb's Toxic Radiance
  1941 | D:2      | Reached skill level 6 in Poison Magic
  2407 | D:3      | Reached XP level 5. HP: 31/31 MP: 4/9
  2517 | D:3      | Found a shimmering blue altar of Sif Muna.
  2586 | D:3      | Learned a level 3 spell: Ignite Poison
  2671 | D:3      | Reached XP level 6. HP: 34/36 MP: 5/11
  2686 | D:3      | Reached skill level 7 in Poison Magic
  2965 | D:3      | Found a snail-covered altar of Cheibriados.
  3512 | D:4      | Noticed Blork the orc
  3522 | D:4      | HP: 1/36 [Blork the orc/+0 glaive (11)]
  3523 | D:4      | Killed from afar by Blork the orc

Illustrated notes

Levels and vault maps discovered:
D:1:      psy_arrival_statuary, layout_loops_ring
D:2:      layout_loops_ring, yredelemnul_altar_generic,
          okawaru_metal_pillars_1_2
D:3:      layout_loops_ring, led_sif_book, kennysheep_slug_shrine, first_ration
D:4:      layout_gridville, lemuel_doored_altar, kennysheep_little_box,
          chequers_temple_overflow_statue_of_worship, corner_web_ring,
          uniq_ijyb, uniq_blork_the_orc, uniq_natasha

Skill      XL: |  1  2  3  4  5  6 |
---------------+-------------------+-----
Poison Magic   | 4 5 6 7 |  7.1
Spellcasting   | 3 |  3.6
Dodging        | |  2.0
Stealth        | |  2.6
Transmutations | |  1.1
Fire Magic     | |  0.2

Action                   |  1- 3 |  4- 6 || total
-------------------------+-------+-------++-------
Melee: Unarmed           |    26 |       ||    26
       Constrict         |    16 |    14 ||    30
       Tentacles         |     9 |     9 ||    18
       Short sword       |    34 |    56 ||    90
Throw: Stone             |       |     1 ||     1
 Cast: Sting             |    37 |    57 ||    94
       Olgreb's Toxic Ra |       |     2 ||     2
  Use: Potion            |       |     1 ||     1
 Stab: Sleeping          |     2 |     1 ||     3
  Eat: Chunk             |     3 |     5 ||     8
Armor: Skin              |     4 |     7 ||    11
Dodge: Dodged            |    44 |    34 ||    78
